 Dungeon Crawl Stone Soup version 0.29-a0-2-g12fcac58f8 (webtiles) character file.

Game seed: 12443427492067855043

38 HallandMoats the Skirmisher (level 3, -8/33 HPs)
             Began as a Ghoul Monk on Jan 27, 2022.
             Was a Believer of Makhleb.
             Mangled by Sigmund (10 damage)
             ... on level 2 of the Dungeon.
             The game lasted 00:02:07 (969 turns).

HallandMoats the Skirmisher (Ghoul Monk)             Turns: 969, Time: 00:02:07

Health: -8/33      AC:  5    Str: 16    XL:     3   Next: 43%
Magic:  3/3        EV: 11    Int:  5    God:    Makhleb [**....]
Gold:   38         SH:  0    Dex: 11    Spells: 2/2 levels left

rFire   . . .      SeeInvis .     - Unarmed
rCold   + . .      Faith    .   (no shield)
rNeg    + + +      Spirit   .   c - +0 ring mail
rPois   ∞          Reflect  .   (no helmet)
rElec   .          Harm     .   (no cloak)
rCorr   .          Rampage  .   (no gloves)
Will    .....                   (no boots)
Stlth   +.........              (no amulet)
HPRegen 0.00/turn               (no ring)
MPRegen 0.08/turn               (no ring)

@: inhibited regen
A: claws 1, cold resistance 1, negative energy resistance 3, inhibited
regeneration, torment resistance 2
a: Renounce Religion, Minor Destruction


You were on level 2 of the Dungeon.
You worshipped Makhleb.
Makhleb was pleased with you.
You visited 1 branch of the dungeon, and saw 2 of its levels.

You collected 38 gold pieces.

Inventory:

Armour
 c - a +0 ring mail (worn)
Scrolls
 a - a scroll of enchant weapon {unknown}
 b - 2 scrolls of fear {unknown}
 d - a scroll of silence {unknown}
 f - a scroll of teleportation {unknown}
Potions
 e - a potion of curing {unknown}


   Skills:
 * Level 3.8 Fighting
 + Level 0.5 Armour
 + Level 2.8 Dodging
 - Level 2.1 Stealth
 * Level 3.6 Unarmed Combat
 * Level 1.6 Invocations


You had 2 spell levels left.
You didn't know any spells.
Your spell library was empty.

Dungeon Overview and Level Annotations

Branches:
Dungeon (2/15)

Altars:
Makhleb

Annotations:
D:2 Sigmund


Innate Abilities, Weirdness & Mutations

You thrive by killing the living.
You are immune to poison.
You have sharp fingernails.
Your flesh is cold resistant. (rC+)
You are immune to negative energy. (rN+++)
You do not regenerate when monsters are visible.
You are immune to unholy pain and torment.


Message History

Aim: Sigmund, wielding a +0 scythe and wearing a +0 robe (severely wounded) Sigmund writhes in agony.
Sigmund closely misses you.
Unknown command.
Unknown command.
Sigmund points at you and mumbles some strange words.
The magic dart hits you!
You barely miss Sigmund.
Sigmund is severely wounded.
Sigmund mumbles some strange words.
Sigmund flickers and vanishes!
You scratch something.
You hear some strange, mumbled words.
A magic dart appears from out of thin air!
The magic dart hits you.
* * * LOW HITPOINT WARNING * * *
Aiming: Minor Destruction (12% risk of failure)
Press: ? - help, Shift-Dir - straight line Nothing appears to happen.
You hear some strange, mumbled words.
Something tries to affect you, but you resist.
Unknown command.
Unknown command.
Unknown command.
Aiming: Minor Destruction (12% risk of failure)
Press: ? - help, Shift-Dir - straight line Nothing appears to happen.
Something hits you.
* * * LOW HITPOINT WARNING * * *
Unknown command.
Unknown command.
Unknown command.
Aiming: Minor Destruction (12% risk of failure)
Press: ? - help, Shift-Dir - straight line Nothing appears to happen.
Unknown command.
Unknown command.
Unknown command.
Aiming: Minor Destruction (12% risk of failure)
Press: ? - help, Shift-Dir - straight line Nothing appears to happen.
Something hits you!
You die...

......†...............##
........#...............
.......>#.#.............
........................
.........#.....†........
...........#.##.........
..........#..##.........
.......................(
###....{@..############
....###..#.##
###.....#..# ##........#
##.......#.#####
#..............######
#.<.......####......#
#.........# ######.##
#.........#########..####


There were no monsters in sight!

Vanquished Creatures
  6 bats
  2 endoplasms
  2 giant cockroaches
  2 goblins
  4 hobgoblins (D:1)
  5 jackals (D:1)
  4 quokkas
  A ball python (D:2)
  A frilled lizard (D:1)
  3 kobolds
  2 rats (D:2)
32 creatures vanquished.

Notes
Turn   | Place    | Note
-------+----------+-------------------------------------------
     0 | D:1      | HallandMoats the Ghoul Monk began the quest for the Orb.
     0 | D:1      | Reached XP level 1. HP: 19/19 MP: 0/0
   151 | D:1      | Reached XP level 2. HP: 26/26 MP: 1/1
   286 | D:1      | Reached skill level 1 in Invocations
   683 | D:1      | Reached XP level 3. HP: 33/33 MP: 2/2
   903 | D:2      | Found a burning altar of Makhleb.
   915 | D:2      | Noticed Sigmund
   919 | D:2      | Became a worshipper of Makhleb the Destroyer
   919 | D:2      | Reached * piety under Makhleb
   919 | D:2      | Reached ** piety under Makhleb
   969 | D:2      | Mangled by Sigmund

Illustrated notes

Levels and vault maps discovered:
D:1:      saegor_arrival_simple_b, layout_rooms
D:2:      layout_rooms, basic_altar, eino_tiny_chamber, uniq_sigmund,
          uniq_crazy_yiuf_cottage

Skill      XL: |  1  2 |
---------------+-------+-----
Invocations    | 1 |  1.6
Fighting       | |  3.8
Armour         | |  0.5
Dodging        | |  2.8
Stealth        | |  2.1
Unarmed Combat | |  3.6

Action                   || total
-------------------------++-------
Melee: Unarmed           ||   107
Invok: Minor Destruction ||     8
 Stab: Sleeping          ||     2
Armor: Robe              ||     5
       Ring mail         ||    32
Dodge: Dodged            ||    73

Table legend: (Time is in decaauts)
 A = Elapsed time spent in this place.
 B = Non-inter-level travel time spent in this place.
 C = Inter-level travel time spent in this place.
 D = Time resting spent in this place.
 E = Time spent auto-exploring this place.
 F = Levels seen in this place.
 G = Mean time per level.
                   A        B        C        D        E       F      G
               +--------+--------+--------+--------+--------+-----+--------+
         Total |    962 |    943 |     19 |      0 |    663 |   2 |  481.0 |
       Dungeon |    962 |    943 |     19 |      0 |    663 |   2 |  481.0 |
               +--------+--------+--------+--------+--------+-----+--------+

Top non-repeatable levels by time:
     D:1: 732 daAuts
     D:2: 229 daAuts
